 Dungeon Crawl Stone Soup version 0.26-a0-259-g1effd001a9 (webtiles) character file.

Game seed: 855651552509735078

786 mortelune the Chopper (level 8, -13/63 HPs)
             Began as a Formicid Abyssal Knight on July 13, 2020.
             Was a Priest of Lugonu.
             Killed by divine providence
             ... invoked by an orc priest
              (17 damage)
             ... on level 5 of the Dungeon.
             The game lasted 00:10:47 (4076 turns).

mortelune the Chopper (Formicid Abyssal Knight)     Turns: 4076, Time: 00:10:48

Health: -13/63     AC:  7    Str: 19    XL:     8   Next: 11%
Magic:  8/9        EV:  8    Int: 12    God:    Lugonu [***...]
Gold:   93         SH:  7    Dex: 10    Spells: 7/7 levels left

rFire    . . .     SeeInvis +   a - +5 executioner's axe of Havoc {vorpal, rC+}
rCold    + . .     Faith    .   k - +0 kite shield
rNeg     . . .     Spirit   .   f - +0 ring mail
rPois    .         Reflect  .   (helmet unavailable)
rElec    .         Harm     .   v - +0 cloak {rCorr}
rCorr    +                      (no gloves)
MR       .....                  (no boots)
Stlth    ..........             R - amulet of regeneration
HPRegen  0.60/turn              (no ring)
MPRegen  0.11/turn              (no ring)

@: studying Fighting
A: permanent stasis, dig shafts and tunnels, four strong arms, antennae 3
a: Dig, Shaft Self, Depart the Abyss, Bend Space, Banish, Renounce Religion


You were on level 5 of the Dungeon.
You worshipped Lugonu.
Lugonu was most pleased with you.
You were not hungry.

You visited 1 branch of the dungeon, and saw 5 of its levels.
You visited the Abyss 1 time.

You collected 268 gold pieces.
You spent 175 gold pieces at shops.

Inventory:

Hand Weapons
 a - the +5 executioner's axe of Havoc (weapon) {vorpal, rC+}
   (You acquired it on level 4 of the Dungeon)

   It inflicts extra damage upon your enemies.
   It protects you from cold.
 b - a +0 hunting sling
 d - a +1 hand axe
 i - a +1 war axe
Missiles
 Q - 133 stones (quivered)
Armour
 f - a +0 ring mail (worn)
 g - a +0 leather armour
 k - a +0 kite shield (worn)
 v - a +0 cloak of preservation (worn)
Jewellery
 R - an amulet of regeneration (around neck)
Scrolls
 h - a scroll of enchant armour
 l - 3 scrolls of remove curse
 n - a scroll of magic mapping
 o - a scroll of blinking {unknown}
 p - 2 scrolls of enchant weapon
 q - a scroll of amnesia {unknown}
 t - a scroll of brand weapon {unknown}
Potions
 e - a potion of might
 j - a potion of degeneration
 m - 3 potions of curing
 r - a potion of flight {unknown}
 s - a potion of resistance {unknown}
Books
 u - a manual of Fighting
Comestibles
 c - 11 rations


   Skills:
 + Level 5.4 Fighting
 * Level 5.7 Axes
 * Level 5.0 Armour
 - Level 3.0 Dodging
 - Level 2.1 Invocations


You had 7 spell levels left.
You didn't know any spells.
Your spell library was empty.

Dungeon Overview and Level Annotations

Branches:
Dungeon (5/15)             Temple (0/1) D:4

Altars:
Gozag
Kikubaaqudgha
Sif Muna
Uskayaw

Shops:
D:4 *

Annotations:
D:5 Ijyb, Menkaure


Innate Abilities, Weirdness & Mutations

You cannot be hasted, slowed, berserked, paralysed or teleported.
You can dig through walls and to a lower floor.
Your four strong arms can wield two-handed weapons with a shield.
You have a pair of large antennae on your head. (SInv)


Message History

Menkaure is heavily damaged.
Menkaure barely misses you. Menkaure hits you!
You hit Menkaure.
Menkaure is severely damaged.
Menkaure hits you.
An orc warrior comes into view. It is wielding a +0 short sword.
Menkaure casts a spell at you. Pain shoots through your body!
An orc priest comes into view. It is wielding a +0 trident.
The orc priest shouts!
You hit Menkaure.
Menkaure is almost destroyed.
You hear a shout!
Menkaure points at you and mumbles some strange words.
Pain shoots through your body! Menkaure hits you!
* * * LOW HITPOINT WARNING * * *
Space bends around you!
You blink.
The orc priest invokes the aid of Beogh against you.
Beogh smites you!
You die...

...........#
#...........###.
........ยง.......
...............
.......Mg......
#.#..(.........
#.#............
#.#..........o.
#.....@....o...
#..............
.#. #.............
...##...#.........
.....!...?.##..#.#
.........### ..# #
....%....# ...#
.........##.....
.......o....#.#


You could see an orc warrior, Ijyb, Menkaure (fast) and an orc priest.

Vanquished Creatures
  Edmund (D:4)
  An ice beast (D:4)
  A phantom (D:4)
  A centaur (D:3)
  A bullfrog (D:4)
  A scorpion (D:4)
  2 hounds
  An orc priest (D:4)
  A bullfrog skeleton (D:5)
  An orc wizard (D:3)
  A worker ant (D:4)
  3 adders
  An ooze (D:1)
  2 worms
  4 dart slugs
  A leopard gecko (D:1)
  8 orcs
  6 giant cockroaches
  10 goblins
  7 hobgoblins
  3 jackals (D:2)
  A quokka (D:2)
  2 ball pythons
  8 bats
  2 frilled lizards (D:3)
  11 kobolds
  A leopard gecko skeleton (D:4)
  9 rats
91 creatures vanquished.

Notes
Turn   | Place    | Note
-------+----------+-------------------------------------------
     0 | Abyss:1  | mortelune the Formicid Abyssal Knight began the quest for
                  | the Orb.
     0 | Abyss:1  | Reached XP level 1. HP: 18/18 MP: 2/2
    64 | Abyss:1  | Noticed a smoke demon
    64 | Abyss:1  | Noticed a blizzard demon
    65 | D:1      | Escaped the Abyss
   138 | D:1      | Reached skill level 1 in Dodging
   269 | D:1      | Reached XP level 2. HP: 24/24 MP: 3/3
   288 | D:1      | Reached * piety under Lugonu
   436 | D:1      | Reached XP level 3. HP: 26/29 MP: 4/4
  1093 | D:2      | Reached XP level 4. HP: 37/37 MP: 5/5
  1178 | D:2      | Reached ** piety under Lugonu
  1204 | D:2      | Found a hide-covered altar of Uskayaw.
  1322 | D:2      | Found an opulent altar of Gozag.
  1578 | D:2      | Found a shimmering blue altar of Sif Muna.
  1740 | D:3      | Noticed a centaur
  1753 | D:3      | Killed a centaur
  1753 | D:3      | Reached XP level 5. HP: 30/42 MP: 6/6
  2131 | D:4      | Noticed a phantom
  2272 | D:4      | Noticed a phantom
  2301 | D:4      | Reached XP level 6. HP: 42/48 MP: 7/7
  2669 | D:4      | Found a staircase to the Ecumenical Temple.
  3194 | D:4      | Found an ancient bone altar of Kikubaaqudgha.
  3195 | D:4      | Noticed Edmund
  3267 | D:4      | Killed Edmund
  3267 | D:4      | Reached XP level 7. HP: 11/55 MP: 8/8
  3528 | D:4      | Reached skill level 5 in Axes
  3620 | D:4      | Reached skill level 5 in Fighting
  3757 | D:4      | Found Ynaiced's Assorted Antiques.
  3760 | D:4      | Bought a scroll labeled NAC CYCAPYMNU for 25 gold pieces
  3760 | D:4      | Bought a scroll labeled YHOJIE IPLE for 25 gold pieces
  3760 | D:4      | Bought 3 scrolls labeled FAERYSI MATHI for 75 gold pieces
  3760 | D:4      | Bought a scroll labeled WESORY SIESCH for 25 gold pieces
  3760 | D:4      | Bought a scroll labeled YHOJIE IPLE for 25 gold pieces
  3858 | D:5      | Entered Level 5 of the Dungeon
  3858 | D:5      | Noticed Ijyb
  3908 | D:4      | Acquired the +5 executioner's axe of Havoc {vorpal, rC+}
  3911 | D:4      | Acquired a +0 cloak of preservation
  3918 | D:4      | Acquired a manual of Fighting
  3931 | D:4      | Reached *** piety under Lugonu
  4046 | D:4      | Reached XP level 8. HP: 57/62 MP: 9/9
  4055 | D:5      | Reached skill level 5 in Armour
  4068 | D:5      | Noticed Menkaure
  4076 | D:5      | Killed from afar by an orc priest

Illustrated notes

Levels and vault maps discovered:
D:1:      dpeg_arrival_more_subterranean_lakeside_camping, layout_loops_ring,
          minmay_worlds_worst_comb
D:2:      layout_basic, nicolae_gozag_seed_capital, led_sif_pool,
          eat_drink_and_be_merry_uskayaw, first_ration
D:3:      layout_rooms, minmay_misc_feat_doors, minmay_liquid_box
D:4:      layout_layer_cave, kiku_gazebo_garden_becter,
          minmay_temple_entry_ruins, serial_shops, kennysheep_mini_moat,
          uniq_edmund
D:5:      layout_rooms, serial_shops, shop, uniq_blork_the_orc, uniq_ijyb,
          uniq_duvessa, uniq_menkaure

Skill      XL: |  1  2  3  4  5  6  7  8 |
---------------+-------------------------+-----
Dodging        | 1 2 3 |  3.0
Axes           | 3 4 5 |  5.7
Fighting       | 4 5 |  5.4
Armour         | 4 5 |  5.0
Invocations    | |  2.1

Action                   |  1- 3 |  4- 6 |  7- 9 || total
-------------------------+-------+-------+-------++-------
Melee: Hand axe          |   108 |   119 |       ||   227
       War axe           |       |    69 |    33 ||   102
       Executioner's axe |       |       |    18 ||    18
 Fire: Hunting sling     |       |    13 |       ||    13
Throw: Stone             |       |     6 |       ||     6
Invok: Depart the Abyss  |     1 |       |       ||     1
       Bend Space        |       |       |     1 ||     1
  Use: Scroll            |     1 |     5 |     7 ||    13
       Potion            |       |     1 |       ||     1
  Eat: Ration            |       |     2 |     1 ||     3
Armor: Leather armour    |     2 |       |       ||     2
       Ring mail         |    54 |    75 |    21 ||   150
Dodge: Dodged            |    64 |    82 |    21 ||   167
Block: Kite shield       |       |    62 |    22 ||    84

Table legend:
 A = Non-vault XP
 B = Vault XP
 C = Vault XP percentage of total XP
 D = Non-vault monster count
 E = Vault monster count
 F = Vault count percentage of total count
                 A         B        C        D         E       F
            +---------+---------+-------+---------+---------+-------
      Total |     949 |     175 |  15.6 |      87 |       4 |   4.4
            +---------+---------+-------+---------+---------+-------
        D:1 |      49 |       6 |  10.9 |      25 |       3 |  10.7
        D:2 |      57 |       0 |   0.0 |      24 |       0 |   0.0
        D:3 |     228 |       0 |   0.0 |      18 |       0 |   0.0
        D:4 |     572 |     169 |  22.8 |      18 |       1 |   5.3
        D:5 |      43 |       0 |   0.0 |       2 |       0 |   0.0
            +---------+---------+-------+---------+---------+-------
